[Event "44th Chess Olympiad Open 2022"]
[Site "Chennai"]
[Date "2022.07.29"]
[Round "1.60"]
[White "Ziska, Helgi Dam"]
[Black "Volpinari, Danilo"]
[Result "1-0"]
[WhiteElo "2549"]
[BlackElo "1955"]
[Annotator "TA"]
[PlyCount "39"]
[EventDate "2022.??.??"]
[TimeControl "60"]

1. e4 c5 2. Nf3 g6 3. c3 Bg7 4. d4 cxd4 5. cxd4 d5 6. e5 Nc6 7. h3 {[%emt 0:08:04] 7.Bb5 is becoming the main line.} Nh6 8. Bb5 {[%emt 0:00:32] B27: Sicilian: 2 Nf3, unusual Black 2nd moves.} Qb6 9. Nc3 O-O {[%emt 0:02:36] [#]}
10. Bf4 $146 {[%emt 0:08:29] White is better.} ({Predecessor:} 10. O-O Be6 11.
Re1 Rfe8 12. Bf1 Qd8 13. Bf4 f6 14. Nb5 fxe5 15. Nxe5 Nxe5 16. dxe5 a6 17. Nd4
Qd7 18. g4 Rac8 19. Bg2 Red8 20. Qb3 Rc4 21. Rad1 Rxd4 22. Rxd4 Nf7 23. Red1 {
1-0 (23) Istratescu,A (2641)-Serafimov,T (2425) Vaujany 2012}) 10... e6 (10... Nf5 $14) 11. Qd2 $16 {[%emt 0:04:10] [#] Bxc6 is the
strong threat.} Nf5 12. Bxc6 Qxc6 13. g4 $36 {[%emt 0:03:47] White is on the roll.} Ne7 14. h4 {[%emt 0:00:12][%cal Yh3h4,Yh4h5] White is more active.}
Bd7 (14... f5 $16) 15. h5 {[%emt 0:00:52] Black must now
prevent Bh6.} Rac8 $2 (15... Be8 {keeps fighting.} 16. Bh6 f5)
16. Bg5 $2 (16. Bh6 $18 {is the precise move to win.}) 16...
Rfe8 $2 {[%emt 0:20:57] This costs Black the game.} (16... f6 $16 {might work
better.} 17. Bh6 Bh8) 17. Bf6 $18 Bf8 (17...
Bxf6 18. exf6 e5) 18. hxg6 fxg6 19. Qf4 {
[%emt 0:02:12][%cal Yh1h7] Intending Rxh7! and mate.} Qc4 {[%emt 0:06:27] [#]}
20. Rxh7 $3 {[%emt 0:00:47] Weighted Error Value: White=0.37/Black=1.27} 1-0

[Event "44th Chess Olympiad Open 2022"]
[Site "Chennai"]
[Date "2022.07.29"]
[Round "1.60"]
[White "Egilstoft, Rogvi"]
[Black "Herrera, Adrian"]
[Result "1-0"]
[WhiteElo "2284"]
[BlackElo "1563"]
[Annotator "ChessBase"]
[PlyCount "59"]
[EventDate "2022.??.??"]
[TimeControl "60"]

1. e4 e5 2. Nf3 Nc6 3. Bb5 a6 4. Ba4 b5 5. Bb3 d6 6. c3 Be7 7. O-O Nf6 8. Qe2 Bg4 9. Rd1 O-O 10. d3 Na5 11. Bc2 c5 12. Nbd2 Qc7 13.
h3 Bh5 14. Nf1 Nc6 15. Bg5 b4 16. Bxf6 Bxf6 17. Ne3 Ne7 18. g4 Bg6 19. g5 Bxg5 20. Nxg5 h6 21. Nf3 Bh5 22. Ng4 f5 23. exf5 Rxf5 24. d4 Rf4 25. Nfh2 cxd4 26. cxd4 Raf8 27. Rac1 Qb6 28. Nxh6+ gxh6 29. Qxh5 Kg7 30. Ng4 1-0

[Event "44th Chess Olympiad Open 2022"]
[Site "Chennai"]
[Date "2022.07.29"]
[Round "1.60"]
[White "Berardi, Giancarlo"]
[Black "Rodgaard, John"]
[Result "0-1"]
[WhiteElo "1757"]
[BlackElo "2324"]
[Annotator "TA"]
[PlyCount "118"]
[EventDate "2022.??.??"]
[TimeControl "60"]

1. c4 e6 2. g3 d5 3. cxd5 exd5 4. Bg2 Nf6 5. Nf3 Bd6 6. O-O O-O 7. Nc3 {[%emt 0:01:10] A13: English Opening: 1...e6.} c6 8. a3 {[%emt 0:07:03] [#]} h6 $146 ({Predecessor:} 8... a5 9.
b3 Re8 10. Bb2 Bg4 11. h3 Bxf3 12. Bxf3 h5 13. h4 Qc7 14. Kg2 Nbd7 {0-1 (27)
Weingraber,L (1496)-Moerwald,M (1528) Playchess.com INT 2020}) 9. b4 {[%emt 0:
00:00] The position is equal.} (9. d3 {feels hotter.} Re8 10. e4 Bg4 11. h3)
9... a6 10. Bb2 Bf5 11. d3 Re8 {[%emt 0:04:14] Against e4} 12. Re1 Nbd7 13. e4 Bh7 (13... Bg4 $11) 14. exd5 $14 cxd5 15.
Rxe8+ Qxe8 16. Qd2 Nb6 17. Re1 Qd8 18. Nd4 Rc8 19. Bh3 Rc7 20.
Nf5 Bxf5 21. Bxf5 Re7 22. Rxe7 (22. Nd1 {looks sharper.} Nfd7 23.
Rxe7 Qxe7 24. f4) 22... Bxe7 23. Qd1 Ne8 24. Ne2 Bf6 25. Qa1 Nc8 26. Nf4 Ne7 27. Bh3 Qc7 28. Bg2 Bxb2 29. Qxb2 Nf6 30. Ne2 Nc6 31. Qc3 Qd6 32. Qc5 Qe5 33. Qe3 Qa1+ 34. Qc1 Qxc1+ 35. Nxc1 $11 {[%emt 0:00:09] Endgame KBN-KNN} Nd4 36.
a4 b5 37. axb5 axb5 38. Na2 Kf8 39. Nc3 Nc2 40. Nxd5 $2 (40. Bxd5 $14 {
keeps the upper hand.} Nxd5 41. Nxd5) 40... Nxd5 $17 41. Bxd5 Nxb4 $14 {[%emt 0:30:07] KB-KN} 42. Be4 (42.
Bb3 $17 {is a better defense.}) 42... Ke7 43. f4 {[%emt 0:00:
00] [#]} (43. Kf1 $142) 43... Kd6 $1 $19 {[%emt 0:00:00] aiming for ...Kc5.}
44. Kf2 (44. d4 {is the only way for White.} Nc6 45. Kf2)
44... Kc5 45. Ke3 Nc2+ 46.
Kd2 Nd4 47. Kc3 b4+ 48. Kb2 f6 49. f5 Nb5 (49... h5 $19 {Strongly threatening ...Kd6.} 50.
Kc1 Kd6) 50. Kb3 $2 {[%emt 0:00:00] White does not recover from this.} (50. Bf3
$17 {only move.}) 50... Nd6 51. g4 $2 {[%emt 0:00:00] [#]} (
51. d4+ $19 Kxd4 52. Bf3) 51... Nxe4 {[%emt 0:01:17] Black mates.} 52. dxe4 Kd4 53. Kxb4 Kxe4 {[%emt 0:
00:00] K3P-K3P} 54. Kc5 Kf4 55. h3 Kg3 56. g5 hxg5 57.
Kd6 Kxh3 58. Ke6 Kg4 59. Kf7 Kxf5 {[%emt 0:00:06] Weighted Error
Value: White=0.33/Black=0.13 (very precise)} 0-1

[Event "44th Chess Olympiad Open 2022"]
[Site "Chennai"]
[Date "2022.07.29"]
[Round "1.61"]
[White "Lazov, Toni"]
[Black "Faulks, Nick"]
[Result "1-0"]
[WhiteElo "2374"]
[BlackElo "1820"]
[Annotator "TA"]
[PlyCount "63"]
[EventDate "2022.??.??"]
[TimeControl "60"]

1. e4 c5 2. Nf3 e6 3. d3 Nf6 4. g3 b5 5. Bg2 Bb7 6. O-O {[%emt 0:00:20]
B40: Sicilian: 2...e6, Unusual lines.} Qc7 (6... d6 $11) 7.
Re1 (7. e5 $5 Nd5 8. c4 bxc4 9. dxc4 $16) 7...
Nc6 {[%emt 0:05:19] [#]} 8. e5 $146 {[%emt 0:24:25] White is slightly better.}
({Predecessor:} 8. h4 d5 9. e5 Nd7 10. Bf4 b4 11. Nbd2 Nd4 12. c3 Nf5 13. cxb4
cxb4 14. Nb3 {0-1 (59) Lopez del Alamo,A (2283)-Liang,J (2067) Chess.com INT
2020}) 8... Nd5 9. c4 bxc4 10. dxc4 Nb6 (10... Nde7 $1 $14) 11. b3 $36 {
[%emt 0:04:54] White is in control. White is more active.} g6 $2 (11... Be7 $16) 12. Nc3 $18 Nc8 13. Ne4 Bg7 14. Nxc5 O-O 15. Qxd7 Qxd7 16. Nxd7 Rd8 17. Nc5 Rb8 18. Bg5 N8e7 19. Rad1 {
[%emt 0:04:05] [#] And now Rxd8+ would win.} Ba8 20. Nd7 Rbc8 21. Rd2 h6 22. Bf6 Bxf6 (22... Re8 {is a better
defense.} 23. Red1 Nb8 24. Bxe7 Rxe7 25. Nf6+ Bxf6) 23. exf6 Nf5 24. g4 Rc7 25. gxf5 Rcxd7 26. Rxd7 Rxd7 27. fxe6 fxe6 28. Ne5 Nxe5 29. Bxa8 Ng4 30. Rxe6
{[%emt 0:00:32] [#] Bd5 is the strong threat.} Rd1+ (30... Kf7
) 31. Kg2 Kf7 32. Bd5 {[%emt 0:00:59] Black
got outplayed after the opening. Weighted Error Value: White=0.15 (very
precise) /Black=0.41} 1-0

[Event "44th Chess Olympiad Open 2022"]
[Site "Chennai"]
[Date "2022.07.29"]
[Round "1.61"]
[White "Veljanoski, Andrej"]
[Black "Walrond, Niccolo"]
[Result "1-0"]
[WhiteElo "2162"]
[BlackElo "1210"]
[Annotator "NA RC"]
[PlyCount "69"]
[EventDate "2022.??.??"]
[TimeControl "60"]

1. e4 Nf6 2. e5 Nd5 3. c4 Nb6 4. d4 d6 5. exd6 cxd6 6. Nc3 Nc6 7. Be3 g6 8. Rc1 Bg7 9. b3 Bf5 10. d5 Ne5 11. Be2 Nbd7 12. f4 Qa5 13.
fxe5 Bxe5 14. Bd4 Nc5 15. Bxe5 dxe5 16. Qd2 Rd8 17. Nf3 Qc7 18. O-O e6 19. Qe3 f6 20. Nb5 Qb6 21. b4 Ne4 22. c5 Qa6 23.
Nc7+ Ke7 24. Nxa6 exd5 25. Nc7 d4 26. Qb3 Rd7 27. Nd5+ Ke8 28.
Bb5 Bg4 29. Nxf6+ Nxf6 30. Nxe5 Rf8 31. Rxf6 Rxf6 32. Qg8+ Rf8 33. Qg7 d3 34. Bxd7+ Bxd7 35. Qxd7# 1-0

[Event "44th Chess Olympiad Open 2022"]
[Site "Chennai"]
[Date "2022.07.29"]
[Round "1.61"]
[White "Kovacova, Zuzana"]
[Black "Stanojoski, Zvonko"]
[Result "0-1"]
[WhiteElo "2050"]
[BlackElo "2412"]
[Annotator "TA"]
[PlyCount "42"]
[EventDate "2022.??.??"]
[TimeControl "60"]

1. e4 c5 2. Nc3 g6 3. g3 Bg7 4. Bg2 h5 5. h4 Nc6 6. d3 {[%emt 0:00:
00] B23: Closed Sicilian: Lines without g3.} Rb8 {[%emt 0:00:19] [#]} 7. Be3
$146 ({Predecessor:} 7. Nf3 d6 8. Ng5 Nf6 9. O-O O-O 10. Nd5
Nxd5 11. exd5 Ne5 12. Bf4 b5 13. c3 a5 {0-1 (62) Cori,J (2652)-Iturrizaga
Bonelli,E (2607) chess24.com INT 2020}) 7... Nd4 8. Qc1 {
[%emt 0:07:58] The position is equal.} Nf6 9. f3 b5 10. Qd2 d6 {
[%emt 0:03:01] Black is more active.} (10... b4 $5 11. Nce2 e5
$11) 11. Nge2 b4 12. Nd1 e5 13. O-O d5 14. Bg5 dxe4 15. dxe4 Ba6 16. Nxd4 {[%emt 0:04:57][%cal Yd4b3] [#] And
now Nb3! would win.} Bxf1 ({Don't take} 16... Qxd4+ 17. Rf2
$14) (16... exd4 $2 17. e5 $18) 17. Nc6 (17. Ne6 $15 Qxd2 18.
Nxg7+ Kf8 19. Bxd2) 17... Qxd2 $19 18. Bxd2 Bxg2 19. Nxb8 (19. Kxg2 $17 Rb6 20. Na5)
19... Bxf3 20. Be3 (20. Nf2 {was necessary.})
20... Nxe4 21. Na6 O-O {[%emt 0:00:00]
Weighted Error Value: White=0.43/Black=0.08 (flawless)} 0-1

[Event "44th Chess Olympiad Open 2022"]
[Site "Chennai"]
[Date "2022.07.29"]
[Round "1.61"]
[White "Gontcharov, Serguei"]
[Black "Nikolovski, Nikola"]
[Result "0-1"]
[WhiteElo "1864"]
[BlackElo "2366"]
[Annotator "TA"]
[PlyCount "106"]
[EventDate "2022.??.??"]
[TimeControl "60"]

1. e4 c5 2. Nf3 Nc6 3. d4 cxd4 4. Nxd4 g6 5. c4 Bg7 6. Be3 Nf6 7. Nc3 d6 8. Be2 O-O 9. O-O Bd7 10. Rc1 Nxd4 11. Bxd4 Bc6 12. f3 {[%emt 0:
00:00] 12.Qd3 is not played anymore.} a5 13. Nd5 Nd7 {[%emt 0:02:49] B38: Sicilian: Maroczy Bind with 5...Bg7 and 7...0-0.}
14. Bxg7 Kxg7 15. Qd4+ e5 {
[%emt 0:01:20] [#] The position is equal.} 16. Qc3 $146 ({
Predecessor:} 16. Qd2 Nc5 17. Ne3 Ne6 18. Rfd1 Qb6 19. Kh1 Nd4 20. Nc2 Nxc2 21.
Rxc2 Rad8 22. Rc3 {½-½ (68) Reimanis,R (2370)-Mikaelyan,A (2467) Chess.com
INT 2019}) 16... Bxd5 17. cxd5 Qb6+ 18. Kh1 Rac8 19. Qd2 Nc5 20. Rc2 f5 21. exf5 Rxf5 22. Rfc1 Rcf8 23. Qe3 Kg8 24. Bd3 Rf4 25. Rxc5 {[%emt 0:04:05] White is on the road to losing.}
(25. Be4 $15) 25... dxc5 $17 26. Qxe5 Rd4 27. Bc4 Qf6 28. Qxf6 Rxf6 $19 {[%emt 0:00:08] Endgame KRR-KRB} 29. a4 Kf8 30. b3 Rf7 31. h3 Re7 32. Rc2 Kg7 33. Kg1 h5 34. Kf2 h4 35. g3 hxg3+ 36. Kxg3 g5 37. Rh2 Kf6 38. Rf2 $2 {[%emt 0:01:26] [#]} (38. d6 Re3 39. d7) 38... Re3 39. Rc2 Ke5 40. Rc1 b6 41. Rc2 Kf5 42. Rf2 Re1 43. Rc2 (43. Rg2 $142)
43... Red1 44. Re2 R4d2 {[%emt 0:00:47]
White must now prevent ...Rxe2.} 45. h4 {[%emt 0:00:00] [#]} (45. d6 $19) 45...
gxh4+ 46. Kxh4 Rxe2 47. Bxe2
{[%emt 0:00:00] KR-KB} Rd2 48. Bc4 Kf4 49. Kh5 Kxf3 50.
Kg5 Ke4 51. Kf6 Rxd5 52. Ke6 Rd4 53. Bf1 Rb4 {[%emt 0:14:18] Weighted Error Value: White=0.46/Black=0.09 
(flawless)} 0-1

[Event "44th Chess Olympiad Open 2022"]
[Site "Chennai"]
[Date "2022.07.29"]
[Round "1.62"]
[White "Hernandez Guerrero, Gilberto"]
[Black "Kamara, Ansumana"]
[Result "1-0"]
[WhiteElo "2560"]
[BlackElo "1896"]
[Annotator "TA"]
[PlyCount "95"]
[EventDate "2022.??.??"]
[TimeControl "60"]

1. d4 Nf6 2. Bg5 g6 3. Bxf6 exf6 4. c4 Bg7 5. Nc3 c6 6. e3 {[%emt 0:00:38] A45: Trompowsky Attack.} d6 7. g3 O-O 8. Bg2 {[%emt 0:00:21] White has an edge.}
Re8 9. Nge2 Nd7 {[%emt 0:00:41] [#]} 10. b4
$146 ({Predecessor:} 10. O-O Nb6 11. b3 d5 12. cxd5 Nxd5 13.
Nxd5 cxd5 14. Nc3 Be6 15. Qf3 Qd7 16. Nxd5 {0-1 (38) Simonovic,M (2119)-Isha,S
(2276) Chess.com INT 2021}) 10... Nb6 11. c5 dxc5 12. bxc5 Nd7 13. O-O f5 14. Rb1 Nf6 15. Qb3 Qc7 {[%emt 0:00:52] White now steadily converts
the win.} 16. Rfd1 {[%emt 0:00:31] White is more active.} Ne4 (16... Qe7 $14) 17. Nxe4 $16 fxe4 18. Nc3 Rb8 19. Nxe4 Bf5 20. Nd6 Bxb1 21.
Nxe8 (21. Qxb1 Red8 $11) 21... Bxa2 22. Qxa2 ({But not} 22. Nxc7 $6 Bxb3 23. Rb1 Rc8 $16) 22... Rxe8 23. Qxa7 {[%emt 0:00:09] aiming for Rb1.} Bf6 24. Rb1 Re7 25. d5 cxd5 26. Bxd5 Qe5 27. Rxb7 Qxd5 $2 {[%emt 0:03:17] [#]} (27... Rxb7 28. Qxb7 Qe7) 28. Rxe7
$18 Bxe7 29. Qxe7 {[%emt 0:00:10] Endgame
KQ-KQ} h5 30. Qe8+ Kg7 31.
c6 {[%emt 0:00:21] [#] Threatening mate with c7.} h4 32. Qd7 ({Less strong is} 32. c7 h3 33. Qh8+ (33. f3 Qxf3 34. Qe5+ Kh7
$11) 33... Kxh8 $18) 32... Qb3 33. Qd4+ (33.
c7 $142 h3 34. Kf1 Qc4+ 35. Ke1 Qc3+ 36. Ke2 Qb2+ 37. Kf3 Qe5 38. c8=Q Qf6+ 39.
Ke4) 33... f6 34. gxh4 {[%emt 0:00:00] White mates.} Qc2 35. Qd7+ Kh6 36. c7 Qb1+ 37. Kg2 Qe4+ 38. Kf1 Qb1+ 39. Ke2 Qc2+ 40. Kf3 f5 41. c8=Q Qe4+ 42. Ke2 Qg4+ 43. Kd2 Qb4+ 44. Qc3 Qf8 45. Qcd4 g5 46. hxg5+ Kg6 47. Qh4 f4 48. Qdh7# {[%emt 0:
00:14] Weighted Error Value: White=0.04 (flawless) /Black=0.68} 1-0

[Event "44th Chess Olympiad Open 2022"]
[Site "Chennai"]
[Date "2022.07.29"]
[Round "1.62"]
[White "Capo Vidal, Uriel"]
[Black "Lwebuga, Ronald"]
[Result "1-0"]
[WhiteElo "2215"]
[BlackElo "1818"]
[Annotator "NA RC"]
[PlyCount "69"]
[EventDate "2022.??.??"]
[TimeControl "60"]

1. d4 f5 2. c4 Nf6 3. g3 g6 4. Bg2 c6 5. Nc3 Bg7 6. Nh3 d6 7. d5 O-O 8. O-O c5 9. Nf4 Na6 10. h4 Nc7 11. a4 a6 12. a5 Rb8 13. Na4 Bd7 14. Nb6 Kh8 15.
Qc2 Qe8 16. Rd1 h6 17. Ra3 g5 18. hxg5 hxg5 19. Nxd7 Nxd7 20. Ne6 Nxe6 21. dxe6 Ne5 22. Bxg5 Nc6 23. Bxc6 bxc6 24. Rb3 Rb4 25. Kg2 Kg8 26. Rh1 Qg6 27. Rxb4 cxb4 28. Bxe7 Re8 29. Bxd6 Qxe6 30. Bxb4 Qxe2 31. Qxf5 Qe4+ 32. Qxe4 Rxe4 33. b3 Re2 34. Rd1 Rb2 35. Rd3 1-0

[Event "44th Chess Olympiad Open 2022"]
[Site "Chennai"]
[Date "2022.07.29"]
[Round "1.62"]
[White "Winston Gerald, Mansfield Thomas"]
[Black "Diaz Rosas, Julio Cesar"]
[Result "0-1"]
[WhiteElo "1832"]
[BlackElo "2328"]
[Annotator "TA"]
[PlyCount "140"]
[EventDate "2022.??.??"]
[TimeControl "60"]

1. e4 c5 2. Nf3 d6 3. d4 cxd4 4. Nxd4 Nf6 5. Nc3 a6 6. Be2 e5 7. Nb3 Be7 8. Be3 O-O 9. h3 {
[%emt 0:00:30] B92: Sicilian Najdorf: 6 Be2.} (9. g4 $14) 9... Be6 $11 10. Bf3 Nbd7 11. Qd2 {
[%emt 0:00:26] The position is equal.} Rc8 12. O-O Nb6 (12... b5 $5 ) 13. Bxb6 (13. Na5 $5 ) 13... Qxb6 14. Rfd1 {[%emt 0:
00:00] [#]} Rc4 $146 ({Predecessor:} 14... Rfd8 15. a4 Qc6 16.
Rac1 Qe8 17. a5 Kh8 18. Qe1 g6 19. Nd5 Bxd5 20. exd5 Nd7 21. c4 Nc5 22. Nxc5
Rxc5 23. b4 Rc7 24. c5 dxc5 25. Qxe5+ {1-0 (25) Winterberg,J (1742)-Ostra,N 
(1773) Willingen 2019}) 15. Qe2 Rfc8 16. Rac1 Bf8 17. g4 (17. Nd2 $15)
17... Be7 18. Rd3 Nd7 19. Qe1 Nf8 20. Be2 Ng6 21. Rg3 R4c7 22. g5 Nf4 23. Bf1 Qa7 24. Rd1 (24. Qd1 $17 {might work better.}
) 24... b5 $19 25. a3 Bc4 (
25... Nh5 $19 26. Rf3 Bxg5 27. Rxd6 Nf4) 26. Nd2 Be6 {[%emt 0:
01:14] 0x0.001eb8830465dp-1022s more active pieces.} ({Better is} 26... Nh5 $17
27. Nxc4 Nxg3 28. Nxd6 Rd8 29. Ndxb5 axb5 30. Nxb5 Rcd7 31. Rxd7 (31. Nxa7 Rxd1
32. Qa5 Nxf1 $17) 31... Qxd7 32. fxg3 Bc5+ 33. Kh2 Qd2+ 34. Qxd2 Rxd2+ 35. Kh1
Rxc2) 27. Nf3 $2 {[%emt 0:01:50] [#] White is now going downhill.} (27. Nb3 $1
$11 {and White has nothing to worry.}) 27... Nh5 28. Rg2 Bxh3 29. Rh2 Bg4 {[%emt 0:00:
14] This bishop pair is nice.} 30. Be2 Nf4 31. Rh4 Bxf3 32. Bxf3 Bxg5 33. Rh2 Rd8 34.
Kh1 Rc5 35. Qg1 Qe7 36. Qg4 h6 37. Rg1 Qf6 38. Be2 Qe6 39.
Qf3 Rb8 40. Bd3 a5 41. Ne2 Nxe2 42. Qxe2 Bf4 43. Rh4 Kf8 44. b3 Rc3 45. Qf3 (45. Qg4 $142)
45... a4 46. bxa4 bxa4 47.
Qg2 Qf6 48. Rh5 (48. Rh3
$142) 48... g6 49. Rh3 Rxa3 50. Qg4 Rc3 51. Qd7 Qe6 52. Qxe6 fxe6 53. Ra1 Rb4 54. Kg2 Kg7 55. Rhh1 Rc7 56. Ra3 d5
{[%emt 0:00:23] Inhibits c4.} 57. Re1 Bd2 58.
Re2 (58. Rea1 {keeps fighting.}) 58... Bc3 59. Re3 Bb2 60. Ra2 a3 61. f3 Kf6 62. Re1 Ra7 63. Rb1 Bc3 64.
Rb3 (64. Rxb4 $142 Bxb4 65. exd5) 64... Rxb3 65. cxb3 {[%emt 0:00:08] Endgame KRB-KRB} Bb4 66. Bb1 Rc7 {[%emt 0:00:00] aiming for ...d4.} 67. Re2 Rc1 68. Ba2 d4 {[%emt 0:00:00][%cal Yd5d4,
Yd4d3,Yd3d2] Black mates.} 69. Rf2 d3 70. Rf1 d2 {[%emt 0:00:00] Weighted Error Value: White=0.49/Black=0.
27 (precise)} 0-1

[Event "44th Chess Olympiad Open 2022"]
[Site "Chennai"]
[Date "2022.07.29"]
[Round "1.62"]
[White "Adeshole Beckley, Brian"]
[Black "Montes Orozco, Miguel Angel"]
[Result "0-1"]
[WhiteElo "1590"]
[BlackElo "2070"]
[Annotator "NA RC"]
[PlyCount "44"]
[EventDate "2022.??.??"]
[TimeControl "60"]

1. d4 d5 2. c4 c6 3. Nc3 dxc4 4. e3 b5 5. Nxb5 cxb5 6. Qf3 Qc7 7. Qxa8 Bb7 8. Qxa7 e5 9. Bxc4 bxc4 10. Bd2 Bd6 11. Ba5 Qe7 12. d5 Nf6 13. a3 Nxd5 14. Bd2 Na6 15. Bb4 Ndxb4 16. axb4 Bxb4+ 17. Ke2 Bc5 18. Qxa6 Bxa6 19. Rxa6 Qb7 20. Ra2 O-O 21. Nf3 Qb3 22. Rha1 Qd3+ 0-1

[Event "44th Chess Olympiad Open 2022"]
[Site "Chennai"]
[Date "2022.07.29"]
[Round "1.63"]
[White "Stoyanov, Tsvetan"]
[Black "Montel Jr, Cyril Tomas"]
[Result "1-0"]
[WhiteElo "2450"]
[BlackElo "1827"]
[Annotator "TA"]
[PlyCount "85"]
[EventDate "2022.??.??"]
[TimeControl "60"]

1. e4 c5 2. Nf3 g6 3. c4 Nc6 4. d4 cxd4 5. Nxd4 Nf6 6. Nc3 d6 7. Be2 Bg7 8. Be3 Nxd4 9. Bxd4 O-O 10. O-O Be6 11. f4 Rc8 12. b3 {[%emt 0:00:00] B38: Sicilian: Maroczy Bind with 5.
..Bg7 and 7...0-0.} ({Reject} 12. Bxa7 $6 Bxc4 13. Bf2 Qa5 $11) 12... Qa5 13. Rb1 {[%emt 0:06:11] [#]} a6 $146 ({Predecessor:} 13... Bg4 14. e5 Bxe2 15. Qxe2 Nd7 16. Nd5 Qd8 17. Rbd1 e6
18. Ne3 dxe5 19. Bxe5 Rc6 {½-½ (45) Cifuentes Parada,R (2512) -Manolache,M 
(2462) Cambados 2005}) 14. a4 {[%emt 0:04:30] White is better.} Ne8 {[%emt 0:
03:24] [#]} ({Black should try} 14... Bg4 $1 $14) 15. f5 $1 $18 Bxd4+ 16. Qxd4 Bd7 17. Nd5
{[%emt 0:07:52][%cal Rd5e7] Prevents Nf6.} Qd8 18. Bg4 (18. Rbd1 $18) 18... f6 19. Qe3 $36 {[%emt 0:
10:21] White is in control.} g5 20. h4 h6 (20... gxh4 $16 21. Rf4 Rf7) 21. hxg5 hxg5 22. Kf2 {[%emt 0:06:50] [#] White threatens Qh3 and mate.} Nc7 (22... Kg7 $142 23. Rh1 Rg8) 23. Nb6 Rb8 24. Rh1 {[%emt 0:00:13] Qh3 would kill now.} Kg7 25. Qh3 Rh8 {[%emt 0:00:56]
Prevents Qh7+.} 26. Qxh8+ Qxh8 27. Rxh8 Kxh8 28. Nxd7 Rd8 29. Nb6 Kg7 30. Rd1 Na8 31. Nxa8 Rxa8 {[%emt 0:00:00] Endgame
KRB-KR} 32. c5 Rd8 33. cxd6 exd6 34. Rc1 Rd7 35. Be2 Re7 36. Rc8 Rxe4 37. Rc7+ Kh6 38. Rxb7 Rf4+ 39. Kg3 a5 40. Rf7 Rb4 41. Bc4 (41. Rxf6+ $142
Kh7 42. Bc4 d5 43. Bxd5 Rh4 44. Rg6 Rd4 45. Be6 Rh4 46. Rxg5) 41... d5 42. Rxf6+ Kg7 43. Rg6+ {
[%emt 0:00:06] Weighted Error Value: White=0.08 (flawless) /Black=0.54} 1-0

[Event "44th Chess Olympiad Open 2022"]
[Site "Chennai"]
[Date "2022.07.29"]
[Round "1.63"]
[White "Georgiev, Todor"]
[Black "Reklai, Reece"]
[Result "1-0"]
[WhiteElo "2272"]
[BlackElo "1351"]
[Annotator "RC"]
[PlyCount "53"]
[EventDate "2022.??.??"]
[TimeControl "60"]

1. d4 e6 2. c4 d5 3. Nc3 Bb4 4. Nf3 Bxc3+ 5. bxc3 dxc4 6. Qa4+ Bd7 7. Qxc4 b5 8. Qb3 a5 9. e3 c6 10. a4 Ne7 11. axb5 cxb5 12. Bxb5 Bxb5 13. Qxb5+ Nd7 14. Ne5 Qc7 15. O-O f6 16. Nxd7 Qxd7 17. Rxa5 Rxa5 18. Qxa5 O-O 19. c4 Nc6 20. Qc3 Rb8 21. Ba3 Qb7 22. d5 exd5 23.
cxd5 Ne7 24. Bxe7 Qxe7 25. Rd1 Qe4 26. h3 Rb1 27. Qc8+ 1-0

[Event "44th Chess Olympiad Open 2022"]
[Site "Chennai"]
[Date "2022.07.29"]
[Round "1.63"]
[White "Tan, Santiago Jr"]
[Black "Petkov, Momchil"]
[Result "0-1"]
[WhiteElo "1872"]
[BlackElo "2510"]
[Annotator "TA"]
[PlyCount "58"]
[EventDate "2022.??.??"]
[TimeControl "60"]

1.
e4 c5 2. Nf3 d6 3. Bc4 Nf6 4.
Nc3 e6 5. d3 Be7 6. h3 {[%emt 0:02:45] B50: Sicilian: 2...d6, Miscellaneous.} O-O 7. O-O $1 Nc6 8. Bf4 {
[%emt 0:04:34] The position is equal.} Nd7 9. a3 {[%emt 0:00:
00] [#]} Kh8 $146 ({Predecessor:} 9... a6 10. Bg3 Nde5 11. Re1
Nxf3+ 12. Qxf3 Nd4 13. Qd1 b5 14. Ba2 Bb7 15. e5 d5 16. Ne2 {½-½ (46) Al
Ghasra,S-Mosa,O (1719) Amman 2014}) 10. Ne2 e5 11. Be3 Nb6 12. Ba2 f5 13. exf5 Bxf5 14. Ng3 Bg6 15. Qd2 d5 16. Bg5 $2 {[%emt 0:02:10] [#]} ({White should try} 16. Qe2
$15) 16... Nd4 17. Bxe7 Nxf3+ ({Inferior is} 17... Qxe7 18. Nxd4 exd4 19. b4 $11) 18. gxf3 Qxe7 19. Kg2 Qh4 {[%emt 0:00:00] aiming for .
..Bh5.} 20. Rae1 Bh5 21. Nxh5 Qxh5 22. Qe3 Rf5 {[%emt 0:00:00] ...Raf8
is the strong threat.} 23. Rh1 $2 (23. f4 $17 {was the only
defense.}) 23... Raf8 $19 24.
Re2 (24. f4 $142) 24... Rxf3 25. Qxc5 R3f5 $2 (25... Qg5+ $19 26. Kf1 Qf4) 26. Qe3
$2 (26. Kf1 $17) 26... d4 27. Qd2 Qf3+ 28. Kg1 R8f6 {[%emt 0:03:00] (
-> ...Rg6+)} 29. Rh2 $2 {[%emt 0:02:25] [#]} (29. Re4 $19) 29... Rg6+ {[%emt 0:
00:20] Weighted Error Value: White=1.01/Black=0.51} 0-1

[Event "44th Chess Olympiad Open 2022"]
[Site "Chennai"]
[Date "2022.07.29"]
[Round "1.63"]
[White "Salvadora, Angelo"]
[Black "Yordanov, Lachezar"]
[Result "0-1"]
[WhiteElo "1711"]
[BlackElo "2316"]
[Annotator "TA"]
[PlyCount "78"]
[EventDate "2022.??.??"]
[TimeControl "60"]

1. e4 c5 2. Bc4 e6 3. Nc3 a6 4. a4 Nc6 5. Nf3 g6 ({Better is} 5... Nf6 $11) 6. d4 $14 {
[%emt 0:01:20] B20: Sicilian: Unusual White 2nd moves.} cxd4 7. Nxd4 Bg7 8. Nxc6 {[%emt 0:01:30] White is
slightly better.} bxc6 {[%emt 0:00:12] [#]} 9. Bf4 $146 (9.
Qd6 $14 {deserves consideration.}) ({Predecessor:} 9. Qf3 d5 10. exd5 cxd5 11.
Ba2 Ne7 12. Bg5 Qc7 13. Bf6 O-O 14. O-O-O Bb7 15. Bxg7 Kxg7 {0-1 (40) Grohn,
M-Treiber,V (1584) Waechtersbach 2019}) 9... d5 $1 $11 10.
exd5 cxd5 11. Bd3 Ne7 12. Qd2 O-O 13. Bh6 e5 14. Bxg7 Kxg7 15.
O-O Bb7 16. Qg5 (16. a5 $11)
16... f6 $17 17. Qg3 Rc8 {[%emt 0:06:14]
aiming for ...e4.} 18. h4 $2 {[%emt 0:00:59] [#] White does not recover from
this.} (18. Ne2 $15) 18... e4 $1 $19 19. Be2 d4 20. Nd1 $2 (20. Rad1 Qe8 21. Bg4 (21. Rxd4
$2 Nf5 $19)) 20... Rxc2 21. Bg4 Qd5 22. Re1 f5 23. Be2 (23. Re2 $142 Rc5 24. b4) 23... f4 24. Qa3 Nf5 25. Bg4 Rf7 26. h5 e3 27. Bf3 Qa5 28. Re2 Rxe2 29. Bxe2 Qe1+ 30. Bf1 {[%emt 0:03:59]
[#]} e2 (30... Ng3 $142 $1 31. Qd3 e2 32. Nc3 Qxa1 33. Qxe2
Nxe2+ 34. Nxe2 d3 35. Nc3 d2 36. hxg6 hxg6 37. f3 Qe1 38. b3 Qe3+ 39. Kh1 Kh8
40. g4 Qxf3+ 41. Kg1 Qg3+ 42. Bg2 Qxg2#) 31. Ne3 exf1=Q+ 32. Nxf1 Qe4 33. Qh3 f3 34. Nd2 Qe2 35. Nxf3 Bxf3 36. gxf3 d3 37. hxg6 hxg6 {[%emt 0:00:07] Black mates.} 38. Kg2 d2 39. Rh1 Ne3+ {[%emt 0:00:05] Weighted Error Value: White=1.13/
Black=0.49} 0-1